Map: Ascension to Aiur LE

Players

HuShang

  • Race: Protoss Protoss
  • League: Grandmaster
  • Spawn Location: 5:00

A.I. 1 (Very Easy) - Winner!

  • Race: Zerg Zerg
  • Spawn Location: 11:00

VOD

Have the link to the VOD?

Description

Time

  • Played on: Aug. 22, 2017, 5:58 p.m.
  • Length: 7:03
Show
View Real Time Build Order
Export as new Build Order

HuShang Protoss 

Build Orders: 1 Gate Expand, Oracle Opening, Phoenix Opening, Zealot Archon 

Get SALT Encoding   

  12  0:01  Probe (Chrono Boost)  
  13  0:12  Probe (Chrono Boost)  
  14  0:20  Pylon  
  14  0:23  Probe (Chrono Boost)  
  15  0:38  Probe (Chrono Boost)  
  15  0:39  Gateway  
  16  0:45  Assimilator  
  16  0:49  Probe (Chrono Boost)  
  17  0:59  Probe (Chrono Boost)  
  18  1:10  Probe (Chrono Boost)  
  19  1:20  Probe (Chrono Boost)  
  20  1:25  Nexus  
  20  1:34  Cybernetics Core  
  20  1:37  Probe (Chrono Boost)  
  21  1:44  Assimilator  
  21  1:48  Probe (Chrono Boost)  
  21  1:52  Pylon  
  22  1:58  Probe (Chrono Boost)  
  23  2:10  Probe (Chrono Boost)  
  23  2:11  Adept (Chrono Boost)  
  23  2:12  Warp Gate  
  26  2:22  Probe  
  27  2:32  Stargate  
  27  2:34  Probe  
  27  2:36  Probe  
  27  2:37  Adept (Chrono Boost)  
  31  2:46  Probe x2  
  33  2:57  Probe  
  33  2:59  Adept (Chrono Boost), Probe  
  33  3:03  Pylon  
  37  3:08  Probe  
  37  3:12  Probe, Oracle (Chrono Boost)  
  42  3:21  Probe (Chrono Boost)  
  42  3:24  Probe (Chrono Boost)  
  42  3:26  Gateway  
  44  3:28  Gateway  
  44  3:33  Probe (Chrono Boost)  
  45  3:35  Mothership Core (Chrono Boost)  
  47  3:46  Probe (Chrono Boost), Phoenix  
  50  3:57  Probe (Chrono Boost), Pylon  
  50  3:59  Probe (Chrono Boost)  
  52  4:03  Nexus  
  52  4:08  Probe (Chrono Boost)  
  54  4:10  Oracle  
  54  4:11  Probe (Chrono Boost)  
  57  4:18  Probe (Chrono Boost)  
  57  4:20  Pylon  
  57  4:23  Probe (Chrono Boost)  
  57  4:24  Pylon  
  59  4:28  Assimilator  
  59  4:30  Probe (Chrono Boost), Assimilator  
  60  4:35  Probe (Chrono Boost)  
  61  4:42  Robotics Facility  
  61  4:49  Probe (Chrono Boost)  
  61  4:50  Probe (Chrono Boost)  
  61  4:51  Forge  
  61  4:52  Twilight Council  
  63  4:54  Gateway  
  63  4:59  Probe (Chrono Boost)  
  64  5:03  Probe (Chrono Boost)  
  65  5:10  Probe (Chrono Boost)  
  67  5:15  Probe (Chrono Boost)  
  67  5:16  Probe (Chrono Boost)  
  67  5:20  Probe (Chrono Boost)  
  69  5:21  Gateway  
  69  5:23  Gateway  
  69  5:24  Gateway  
  69  5:25  Gateway  
  69  5:28  Probe x2 (Chrono Boost)  
  71  5:31  Probe (Chrono Boost)  
  71  5:33  Warp Prism, Charge (Chrono Boost)  
  72  5:42  Probe x3  
  77  5:47  Templar Archives  
  77  5:54  Pylon  
  77  6:02  Photon Cannon  
  78  6:09  Zealot x4  
  86  6:19  Pylon  
  86  6:21  Pylon  
  86  6:22  Probe  
  86  6:26  High Templar x2  
  86  6:27  High Templar x2  
  86  6:29  Zealot x3  
  86  6:31  Archon x2  
  100  6:33  Pylon x2  
  100  6:36  Pylon  
  100  6:40  Photon Cannon  
  100  6:43  Photon Cannon  
  101  6:51  Zealot x4  
Show
View Real Time Build Order
Export as new Build Order

A.I. 1 (Very Easy) Zerg - Winner!

Build Orders: Hatch First 

Get SALT Encoding   

  12  0:01  Drone  
  13  0:12  Overlord  
  13  0:16  Drone  
  14  0:41  Hatchery  
  13  0:45  Drone  
  14  1:05  Spawning Pool  
  14  1:06  Extractor  
  14  1:08  Drone  
  13  1:15  Drone  
  14  1:21  Overlord  
  14  1:52  Zergling x2  
  14  1:53  Queen  
  17  1:54  Zergling x2  
  18  2:03  Roach Warren  
  18  2:05  Drone  
  18  2:09  Extractor  
  18  2:13  Drone  
  18  2:17  Zergling x2  
  18  2:22  Drone  
  20  2:30  Drone  
  21  2:37  Drone  
  22  2:44  Drone  
  23  2:51  Drone  
  23  2:56  Lair  
  24  3:00  Drone  
  24  3:28  Drone  
  25  3:35  Drone  
  25  3:40  Zergling x2  
  27  3:43  Drone  
  27  3:47  Overlord  
  28  3:51  Drone  
  28  3:55  Spire  
  28  3:58  Drone  
  29  4:05  Drone  
  30  4:11  Overseer  
  30  4:13  Drone  
  31  4:17  Overseer  
  31  4:20  Drone  
  32  4:27  Drone  
  32  4:28  Overlord  
  33  4:34  Drone  
  34  4:41  Drone  
  35  4:48  Drone  
  36  4:55  Drone, Extractor  
  36  5:03  Drone  
  37  5:08  Mutalisk  
  37  5:09  Extractor  
  37  5:10  Drone  
  39  5:17  Drone  
  40  5:24  Drone  
  41  5:31  Drone  
  42  5:39  Drone  
  42  5:40  Overlord  
  43  5:46  Drone  
  43  5:48  Mutalisk  
  46  5:53  Drone  
  47  6:00  Drone  
  48  6:07  Drone  
Tags
 
Add a new tag
Caveats
  • Supply blocks, unpowered buildings, or Contaminate may cause inaccurate times.
  • Supply counts are checked every 10 seconds.